| TOP OF THE 1ST |
|
Palm Beach Nationals batting - Pitching for Colorado Avalanche : RHP Ted Hoffman
|
|
Pitching: RHP Ted Hoffman
|
|
|
Batting: RHB Lou Ortman
|
0-0: Fly out, F9 (Flyball, 9LM, EV 86.9 MPH)
|
|
Batting: LHB Ken Westfall
|
0-0: Foul Ball, location: 2F 0-1: Ball 1-1: Foul Ball, location: 2F 1-2: Strikes out swinging
|
|
Batting: RHB Jess Thomas
|
0-0: Foul Ball, location: 2F 0-1: Called Strike 0-2: Ball 1-2: Strikes out swinging
|
| Top of the 1st over - 0 runs, 0 hits, 0 errors, 0 left on base; Palm Beach 0 - Colorado 0 |
| BOTTOM OF THE 1ST |
|
Colorado Avalanche batting - Pitching for Palm Beach Nationals : LHP Billy Edwards
|
|
Pitching: LHP Billy Edwards
|
|
|
Batting: RHB Ben Connelly
|
0-0: Swinging Strike 0-1: Called Strike 0-2: Strikes out looking
|
|
Batting: SHB Taylor Shelton
|
0-0: Ball 1-0: Called Strike 1-1: Ball 2-1: Ball 3-1: Base on Balls
|
|
Batting: RHB Joe Shade
|
0-0: Called Strike 0-1: Called Strike 0-2: Ball 1-2: Fly out, F9 (Flyball, 9, EV 80.0 MPH)
|
|
Batting: RHB Aaron Burnet
|
0-0: Swinging Strike 0-1: Swinging Strike 0-2: Ball 1-2: Strikes out swinging
|
| Bottom of the 1st over - 0 runs, 0 hits, 0 errors, 1 left on base; Palm Beach 0 - Colorado 0 |
| TOP OF THE 2ND |
|
Palm Beach Nationals batting - Pitching for Colorado Avalanche : RHP Ted Hoffman
|
|
Batting: LHB Mike Trentham
|
0-0: Foul Ball, location: 2F 0-1: SINGLE (Groundball, 56S, EV 76.2 MPH) (infield hit)
|
|
Batting: RHB Ben Lowe
|
0-0: Ball 1-0: Ground out 4-3 (Groundball, 34S, EV 84.4 MPH) Mike Trentham to second
|
|
Batting: SHB Tim Schulz
|
0-0: Foul Ball, location: 2F 0-1: Called Strike 0-2: Foul Ball, location: 2F 0-2: SINGLE (Line Drive, 6M, EV 97.5 MPH) Mike Trentham to third
|
|
Batting: RHB Larry Myers
|
0-0: Ball 1-0: Ball 2-0: Called Strike 2-1: 3-RUN HOME RUN (Flyball, 7LD, EV 95.0 MPH), Distance : 346 ft
|
|
Batting: LHB Dusty Jones
|
0-0: Ball 1-0: Ball 2-0: Ball 3-0: Base on Balls
|
|
Batting: RHB Abdul-Ra'uf bin Maimun
|
0-0: Foul Ball, location: 2F 0-1: Ball 1-1: Called Strike 1-2: Ball 2-2: Strikes out swinging
|
|
Batting: RHB Lou Ortman
|
0-0: Called Strike 0-1: Foul Ball, location: 2F 0-2: Ball 1-2: Strikes out looking
|
| Top of the 2nd over - 3 runs, 3 hits, 0 errors, 1 left on base; Palm Beach 3 - Colorado 0 |
| BOTTOM OF THE 2ND |
|
Colorado Avalanche batting - Pitching for Palm Beach Nationals : LHP Billy Edwards
|
|
Batting: RHB Jon Herner
|
0-0: Fly out, F8 (Flyball, 8RD, EV 94.4 MPH)
|
|
Batting: LHB Tyler Twiss
|
0-0: Called Strike 0-1: Ball 1-1: SINGLE (Flyball, 34D, EV 86.9 MPH)
|
|
Batting: RHB Ken Dunphy
|
0-0: Ball 1-0: Ball 2-0: Foul Ball, location: 2F 2-1: Ball 3-1: Fly out, F3 (Popup, 23F, EV 78.1 MPH)
|
|
Batting: LHB Dan Goldberg
|
0-0: Ball 1-0: Ground out 1-3 (Groundball, 15S, EV 61.2 MPH)
|
| Bottom of the 2nd over - 0 runs, 1 hit, 0 errors, 1 left on base; Palm Beach 3 - Colorado 0 |
| TOP OF THE 3RD |
|
Palm Beach Nationals batting - Pitching for Colorado Avalanche : RHP Ted Hoffman
|
|
Batting: LHB Ken Westfall
|
0-0: Ball 1-0: Called Strike 1-1: SOLO HOME RUN (Flyball, 89XD, EV 108.1 MPH), Distance : 431 ft
|
|
Batting: RHB Jess Thomas
|
0-0: SINGLE (Groundball, 6S, EV 70.6 MPH) (infield hit)
|
|
Batting: LHB Mike Trentham
|
0-0: Called Strike 0-1: Ball Jess Thomas is caught stealing 2nd base 2-6 1-1: Ball 2-1: Foul Ball, location: 2F 2-2: DOUBLE (Line Drive, 9D, EV 96.2 MPH)
|
|
Batting: RHB Ben Lowe
|
0-0: Swinging Strike 0-1: Swinging Strike 0-2: Foul Ball, location: 2F 0-2: Ball 1-2: Strikes out swinging
|
|
Batting: SHB Tim Schulz
|
0-0: Ball 1-0: Called Strike 1-1: Called Strike 1-2: Foul Ball, location: 2F 1-2: Strikes out looking
|
| Top of the 3rd over - 1 run, 3 hits, 0 errors, 1 left on base; Palm Beach 4 - Colorado 0 |
| BOTTOM OF THE 3RD |
|
Colorado Avalanche batting - Pitching for Palm Beach Nationals : LHP Billy Edwards
|
|
Batting: LHB Bob Kaufmann
|
0-0: Ball 1-0: Swinging Strike 1-1: Ground out 4-3 (Groundball, 4, EV 88.1 MPH)
|
|
Batting: RHB Ben Connelly
|
0-0: Ball 1-0: Called Strike 1-1: Ball 2-1: Reached on error, E4 (Groundball, 4, EV 83.8 MPH)
|
|
Batting: SHB Taylor Shelton
|
0-0: Ball 1-0: Ball 2-0: Foul Ball, location: 2F 2-1: Swinging Strike 2-2: Ball 3-2: Foul Ball, location: 2F 3-2: Base on Balls Ben Connelly to second
|
|
Batting: RHB Joe Shade
|
0-0: Grounds into double play, 5-4-3 (Groundball, 56, EV 90.0 MPH)
|
| Bottom of the 3rd over - 0 runs, 0 hits, 1 error, 1 left on base; Palm Beach 4 - Colorado 0 |
| TOP OF THE 4TH |
|
Palm Beach Nationals batting - Pitching for Colorado Avalanche : RHP Ted Hoffman
|
|
Batting: RHB Larry Myers
|
0-0: Ball 1-0: Called Strike 1-1: Called Strike 1-2: Foul Ball, location: 2F 1-2: Strikes out swinging
|
|
Batting: LHB Dusty Jones
|
0-0: Ball 1-0: Ball 2-0: Ball 3-0: Called Strike 3-1: Foul Ball, location: 2F 3-2: Base on Balls
|
|
Batting: RHB Abdul-Ra'uf bin Maimun
|
0-0: Called Strike 0-1: Called Strike 0-2: Ball 1-2: Foul Ball, location: 2F 1-2: Foul Ball, location: 2F 1-2: Strikes out swinging
|
|
Batting: RHB Lou Ortman
|
0-0: Ball 1-0: Foul Ball, location: 2F 1-1: Ball 2-1: Ball 3-1: Swinging Strike 3-2: Base on Balls Dusty Jones to second
|
|
Pitching: LHP Harley Traynor
|
|
|
Batting: LHB Ken Westfall
|
0-0: Called Strike 0-1: Ball 1-1: Ball 2-1: Swinging Strike 2-2: Reached on error, E6 (Groundball, 6, EV 90.6 MPH) Dusty Jones to third Lou Ortman to second
|
|
Batting: RHB Jess Thomas
|
0-0: Called Strike 0-1: Ball 1-1: Swinging Strike 1-2: Foul Ball, location: 2F 1-2: Ball 2-2: Ball 3-2: Foul Ball, location: 2F 3-2: Fly out, F7 (Flyball, 7LM, EV 90.0 MPH)
|
| Top of the 4th over - 0 runs, 0 hits, 1 error, 3 left on base; Palm Beach 4 - Colorado 0 |
| BOTTOM OF THE 4TH |
|
Colorado Avalanche batting - Pitching for Palm Beach Nationals : LHP Billy Edwards
|
|
Batting: RHB Aaron Burnet
|
0-0: Called Strike 0-1: Ball 1-1: Ball 2-1: Fly out, F8 (Flyball, 78M, EV 86.9 MPH)
|
|
Batting: RHB Jon Herner
|
0-0: Fly out, F8 (Flyball, 8RD, EV 80.6 MPH)
|
|
Batting: LHB Tyler Twiss
|
0-0: Called Strike 0-1: Foul Ball, location: 2F 0-2: SINGLE (Line Drive, 8LS, EV 85.6 MPH)
|
|
Batting: RHB Ken Dunphy
|
0-0: Ball 1-0: Foul Ball, location: 2F 1-1: SINGLE (Groundball, 34D, EV 96.9 MPH) Tyler Twiss to second Runner from 2nd tries for 3rd, SAFE, throw by RF made to third
|
|
Batting: LHB Dan Goldberg
|
0-0: Fly out, F8 (Flyball, 8LM, EV 81.2 MPH)
|
| Bottom of the 4th over - 0 runs, 2 hits, 0 errors, 2 left on base; Palm Beach 4 - Colorado 0 |
| TOP OF THE 5TH |
|
Palm Beach Nationals batting - Pitching for Colorado Avalanche : LHP Harley Traynor
|
|
Batting: LHB Mike Trentham
|
0-0: Called Strike 0-1: Swinging Strike 0-2: SINGLE (Line Drive, 34D, EV 98.8 MPH)
|
|
Batting: RHB Ben Lowe
|
0-0: Called Strike 0-1: Ball 1-1: Ball 2-1: Swinging Strike 2-2: Strikes out swinging
|
|
Batting: SHB Tim Schulz
|
0-0: Called Strike 0-1: Foul Ball, location: 2F 0-2: Fly out, F9 (Line Drive, 9S, EV 91.9 MPH)
|
|
Batting: RHB Larry Myers
|
0-0: Ball 1-0: Called Strike 1-1: SINGLE (Flyball, 3D, EV 89.4 MPH) Mike Trentham to second Runner from 2nd tries for 3rd, SAFE, throw by RF made to third
|
|
Batting: LHB Dusty Jones
|
0-0: Fielders Choice at 2nd, U6 (Groundball, 6M, EV 105.6 MPH)
|
| Top of the 5th over - 0 runs, 2 hits, 0 errors, 2 left on base; Palm Beach 4 - Colorado 0 |
| BOTTOM OF THE 5TH |
|
Colorado Avalanche batting - Pitching for Palm Beach Nationals : LHP Billy Edwards
|
|
Batting: LHB Bob Kaufmann
|
0-0: Ball 1-0: Ball 2-0: Called Strike 2-1: SINGLE (Flyball, 8RS, EV 94.4 MPH)
|
|
Batting: RHB Ben Connelly
|
0-0: Ball 1-0: Called Strike 1-1: Ball 2-1: Fielders Choice at 2nd, 3-6 (Groundball, 3, EV 93.1 MPH)
|
|
Batting: SHB Taylor Shelton
|
0-0: Ball 1-0: Ball 2-0: Foul Ball, location: 2F 2-1: Foul Ball, location: 2F 2-2: Ball 3-2: Fly out, F8 (Line Drive, 8RM, EV 93.1 MPH)
|
|
Batting: RHB Joe Shade
|
0-0: Called Strike 0-1: Foul Ball, location: 2F 0-2: Foul Ball, location: 2F 0-2: SINGLE (Groundball, 6MD, EV 94.4 MPH) Ben Connelly to second Runner from 2nd tries for 3rd, SAFE, throw by CF made to third
|
|
Batting: RHB Aaron Burnet
|
0-0: Ground out 1-3 (Groundball, 34S, EV 65.0 MPH)
|
| Bottom of the 5th over - 0 runs, 2 hits, 0 errors, 2 left on base; Palm Beach 4 - Colorado 0 |
| TOP OF THE 6TH |
|
Palm Beach Nationals batting - Pitching for Colorado Avalanche : LHP Harley Traynor
|
|
Batting: RHB Abdul-Ra'uf bin Maimun
|
0-0: Foul Ball, location: 2F 0-1: Ball 1-1: Called Strike 1-2: Ball 2-2: Ball 3-2: Strikes out looking
|
|
Pitching: RHP Cedomil Nedic
|
|
|
Batting: RHB Lou Ortman
|
0-0: Ball 1-0: Swinging Strike 1-1: Ball 2-1: Ball 3-1: Base on Balls
|
|
Batting: LHB Ken Westfall
|
0-0: Ball 1-0: Called Strike Lou Ortman is caught stealing 2nd base 2-6 1-1: Ball 2-1: SINGLE (Line Drive, 5D, EV 100.0 MPH)
|
|
Batting: RHB Jess Thomas
|
0-0: Called Strike Ken Westfall steals 2nd, throwing error, E2 Ken Westfall to third 0-1: Ball 1-1: Swinging Strike 1-2: Foul Ball, location: 2F 1-2: Strikes out looking
|
| Top of the 6th over - 0 runs, 1 hit, 1 error, 1 left on base; Palm Beach 4 - Colorado 0 |
| BOTTOM OF THE 6TH |
|
Colorado Avalanche batting - Pitching for Palm Beach Nationals : LHP Billy Edwards
|
|
Batting: RHB Jon Herner
|
0-0: Called Strike 0-1: Ball 1-1: Ball 2-1: Swinging Strike 2-2: Foul Ball, location: 2F 2-2: Ball 3-2: Base on Balls
|
|
Batting: LHB Tyler Twiss
|
0-0: Ball Wild Pitch! Jon Herner to second 1-0: Called Strike 1-1: Ball 2-1: Fly out, F6 (Popup, 6MS, EV 58.8 MPH)
|
|
Batting: RHB Ken Dunphy
|
0-0: Ball 1-0: Swinging Strike 1-1: Foul Ball, location: 2F 1-2: Ball 2-2: Strikes out swinging
|
|
Batting: LHB Dan Goldberg
|
0-0: Ball 1-0: Called Strike 1-1: Swinging Strike 1-2: Ball 2-2: Ball 3-2: Strikes out swinging, 2-3 out at first.
|
| Bottom of the 6th over - 0 runs, 0 hits, 0 errors, 1 left on base; Palm Beach 4 - Colorado 0 |
| TOP OF THE 7TH |
|
Palm Beach Nationals batting - Pitching for Colorado Avalanche : RHP Cedomil Nedic
|
|
Batting: LHB Mike Trentham
|
0-0: Ball 1-0: Fly out, F6 (Popup, 6MD, EV 52.5 MPH)
|
|
Batting: RHB Ben Lowe
|
0-0: Ball 1-0: Ball 2-0: Foul Ball, location: 2F 2-1: SINGLE (Groundball, 56D, EV 98.8 MPH)
|
|
Pitching: RHP Kyle Cannon
|
|
|
Batting: SHB Tim Schulz
|
0-0: Called Strike 0-1: Ball 1-1: Foul Ball, location: 2F 1-2: Foul Ball, location: 2F 1-2: Ball 2-2: Strikes out looking
|
|
Batting: RHB Larry Myers
|
0-0: Swinging Strike 0-1: Ball 1-1: Called Strike 1-2: Strikes out swinging
|
| Top of the 7th over - 0 runs, 1 hit, 0 errors, 1 left on base; Palm Beach 4 - Colorado 0 |
| BOTTOM OF THE 7TH |
|
Colorado Avalanche batting - Pitching for Palm Beach Nationals : LHP Billy Edwards
|
|
Pinch Hitting: RHB Marco Avina
|
0-0: Swinging Strike 0-1: Swinging Strike 0-2: Fly out, F7 (Flyball, 78S, EV 83.1 MPH)
|
|
Batting: RHB Ben Connelly
|
0-0: Ball 1-0: Called Strike 1-1: Ball 2-1: DOUBLE (Flyball, 8LXD, EV 113.8 MPH)
|
|
Batting: SHB Taylor Shelton
|
0-0: Foul Ball, location: 2F 0-1: Ball 1-1: Ball 2-1: Foul Ball, location: 2F 2-2: Ball 3-2: Ground out 5-3 (Groundball, 5L, EV 100.0 MPH)
|
|
Batting: RHB Joe Shade
|
0-0: Foul Ball, location: 2F 0-1: Foul Ball, location: 2F 0-2: Ball 1-2: Ball 2-2: Strikes out swinging
|
| Bottom of the 7th over - 0 runs, 1 hit, 0 errors, 1 left on base; Palm Beach 4 - Colorado 0 |
| TOP OF THE 8TH |
|
Palm Beach Nationals batting - Pitching for Colorado Avalanche : RHP Kyle Cannon
|
|
Now at 1B: Brent Montagano
|
|
|
Batting: LHB Dusty Jones
|
0-0: SOLO HOME RUN (Flyball, 7LD, EV 93.1 MPH), Distance : 374 ft
|
|
Batting: RHB Abdul-Ra'uf bin Maimun
|
0-0: Ball 1-0: Called Strike 1-1: Foul Ball, location: 2F 1-2: Strikes out looking
|
|
Batting: RHB Lou Ortman
|
0-0: Called Strike 0-1: Called Strike 0-2: Ball 1-2: Foul Ball, location: 2F 1-2: Foul Ball, location: 2F 1-2: Ball 2-2: Foul Ball, location: 2F 2-2: Ground out 4-3 (Groundball, 4, EV 105.6 MPH)
|
|
Pitching: LHP Danny Sebastian
|
|
|
Batting: LHB Ken Westfall
|
0-0: Ground out 6-3 (Groundball, 6M, EV 78.1 MPH)
|
| Top of the 8th over - 1 run, 1 hit, 0 errors, 0 left on base; Palm Beach 5 - Colorado 0 |
| BOTTOM OF THE 8TH |
|
Colorado Avalanche batting - Pitching for Palm Beach Nationals : LHP Billy Edwards
|
|
Batting: RHB Aaron Burnet
|
0-0: Ball 1-0: Foul Ball, location: 2F 1-1: SINGLE (Groundball, 56D, EV 94.4 MPH)
|
|
Batting: RHB Jon Herner
|
0-0: Ball 1-0: Ball 2-0: Grounds into double play, 6-4-3 (Groundball, 6, EV 86.9 MPH)
|
|
Batting: LHB Tyler Twiss
|
0-0: Ball 1-0: Fly out, F9 (Flyball, 9, EV 88.8 MPH)
|
| Bottom of the 8th over - 0 runs, 1 hit, 0 errors, 0 left on base; Palm Beach 5 - Colorado 0 |
| TOP OF THE 9TH |
|
Palm Beach Nationals batting - Pitching for Colorado Avalanche : LHP Danny Sebastian
|
|
Batting: RHB Jess Thomas
|
0-0: Ball 1-0: Ground out 4-3 (Groundball, 4MD, EV 105.0 MPH)
|
|
Batting: LHB Mike Trentham
|
0-0: Called Strike 0-1: Ball 1-1: SINGLE (Groundball, 34D, EV 105.6 MPH)
|
|
Batting: RHB Ben Lowe
|
0-0: Ball 1-0: Ball 2-0: Ball 3-0: Called Strike 3-1: Base on Balls Mike Trentham to second
|
|
Batting: SHB Tim Schulz
|
0-0: Ball 1-0: Ball 2-0: Called Strike 2-1: Called Strike 2-2: Ball 3-2: Foul Ball, location: 2F 3-2: Foul Ball, location: 2F 3-2: Foul Ball, location: 2F 3-2: Grounds into double play, 1-6-3 (Groundball, 13, EV 68.8 MPH)
|
| Top of the 9th over - 0 runs, 1 hit, 0 errors, 1 left on base; Palm Beach 5 - Colorado 0 |
| BOTTOM OF THE 9TH |
|
Colorado Avalanche batting - Pitching for Palm Beach Nationals : LHP Billy Edwards
|
|
Pinch Hitting: LHB Rich Rauda
|
0-0: Ball 1-0: Called Strike 1-1: Ball 2-1: SINGLE (Flyball, 4MD, EV 87.5 MPH)
|
|
Pinch Hitting: RHB Mike Chiquete
|
0-0: SINGLE (Groundball, 4S, EV 73.1 MPH) (infield hit) Rich Rauda to second
|
|
Batting: RHB Brent Montagano
|
0-0: Foul Ball, location: 2F 0-1: Foul Ball, location: 2F 0-2: Foul Ball, location: 2F 0-2: Ball 1-2: Foul Ball, location: 2F 1-2: Ball 2-2: Ball 3-2: Foul Ball, location: 2F 3-2: Base on Balls Rich Rauda to third Mike Chiquete to second
|
|
Batting: RHB Ben Connelly
|
0-0: Called Strike 0-1: Ball 1-1: Ball 2-1: Foul Ball, location: 2F 2-2: Foul Ball, location: 2F 2-2: Foul Ball, location: 2F 2-2: DOUBLE (Flyball, 89D, EV 101.9 MPH) Rich Rauda scores Mike Chiquete scores Brent Montagano to third
|
|
Pitching: LHP Kevin Perrell
|
|
|
Batting: SHB Taylor Shelton
|
0-0: Ground out 4-3 (Groundball, 4, EV 79.4 MPH) Brent Montagano scores Ben Connelly to third
|
|
Batting: RHB Joe Shade
|
0-0: Ground out U3 (Groundball, 23, EV 87.5 MPH)
|
|
Batting: RHB Aaron Burnet
|
0-0: Swinging Strike 0-1: Ball 1-1: SINGLE (Groundball, 34, EV 108.8 MPH) Ben Connelly scores
|
|
Batting: RHB Jon Herner
|
0-0: Ball 1-0: Called Strike 1-1: SINGLE (Groundball, 4MD, EV 97.5 MPH) Aaron Burnet to second Runner from 2nd tries for 3rd, SAFE, throw by CF made to third
|
|
Batting: LHB Tyler Twiss
|
0-0: Ground out 3-1 (Groundball, 34S, EV 92.5 MPH)
|
| Bottom of the 9th over - 4 runs, 5 hits, 0 errors, 2 left on base; Palm Beach 5 - Colorado 4 |
|